 Dungeon Crawl Stone Soup version 0.23-a0-171-g5ae17c6 (webtiles) character file.

246 grindst0ne the Magician (level 5, -1/28 HPs)
             Began as a Deep Elf Fire Elementalist on Sept 13, 2018.
             Slain by a wyvern zombie (15 damage)
             ... on level 4 of the Dungeon.
             The game lasted 00:08:20 (2239 turns).

grindst0ne the Magician (DEFE)                      Turns: 2239, Time: 00:08:20

Health: -1/28      AC:  2    Str:  5    XL:     5   Next: 84%
Magic:  19/23      EV: 13    Int: 21    God:
Gold:   135        SH:  0    Dex: 15    Spells: 10/13 levels left

rFire    . . .     SeeInvis .   o - +2 dagger (drain)
rCold    . . .     Gourm    .   (no shield)
rNeg     + . .     Faith    .   a - +0 robe
rPois    .         Spirit   .   (no helmet)
rElec    .         Reflect  .   (no cloak)
rCorr    .         Harm     .   (no gloves)
MR       .....                  (no boots)
Stlth    ++........             (no amulet)
HPRegen  0.09/turn              f - ring of positive energy
MPRegen  0.18/turn              g - ring of magical power

@: no status effects
A: no striking features
a: no special abilities


You were on level 4 of the Dungeon.
You were not hungry.

You visited 1 branch of the dungeon, and saw 4 of its levels.

You collected 135 gold pieces.

Inventory:

Hand Weapons
 d - a +0 dagger of draining
 o - a +2 dagger of draining (weapon)
Armour
 a - a +0 robe (worn)
Magical Staves
 s - an uncursed staff of earth
Jewellery
 f - a ring of positive energy (left hand)
 g - a ring of magical power (right hand)
Scrolls
 h - 3 scrolls of identify {unknown}
 i - 4 scrolls of amnesia {unknown}
 l - 2 scrolls of teleportation {unknown}
 m - a scroll of remove curse {unknown}
 n - a scroll of enchant armour {unknown}
 p - a scroll of blinking {unknown}
 r - a scroll of magic mapping {unknown}
 t - a scroll of fog {unknown}
Potions
 e - 2 potions of curing
 j - a potion of resistance {unknown}
 k - a potion of degeneration {unknown}
 q - a potion of heal wounds {unknown}
 u - a potion of might {unknown}
Comestibles
 c - 11 rations


   Skills:
 - Level 2.4 Dodging
 - Level 2.4 Stealth
 + Level 4.8 Spellcasting
 * Level 4.6 Conjurations
 + Level 4.5 Fire Magic


You had 10 spell levels left.
You knew the following spells:

 Your Spells              Type           Power        Failure   Level  Hunger
a - Flame Tongue          Conj/Fire      ###..        1%          1    None
b - Throw Flame           Conj/Fire      ###...       2%          2    None

Your spell library contained the following spells:

 Spells                   Type           Power        Failure   Level  Hunger
 Conjure Flame            Conj/Fire      ###.....     4%          3    ##.....
 Inner Flame              Hex/Fire       ##......     13%         3    ##.....
 Sticky Flame             Conj/Fire      ###.....     17%         4    ####...
 Fireball                 Conj/Fire      ###.......   43%         5    #####..


Dungeon Overview and Level Annotations

Branches:
Dungeon (4/15)
 Temple: D:4-7

Altars:
Xom
Zin


Message History

Confirm with . or Enter, or press ? or * to list all spells.
Aiming: Flame Tongue (safe; 1% risk of failure)
Press: ? - help, Shift-Dir - straight line, f/p - wyvern zombie
Aim: a wyvern zombie (lightly damaged)
The flame tongue hits the wyvern zombie.
The wyvern zombie appears unharmed.
The wyvern zombie is lightly damaged.
The wyvern zombie bites you!
Ouch! That really hurt!
The wyvern zombie closely misses you.
Casting: Flame Tongue (safe; 1% risk of failure)
Confirm with . or Enter, or press ? or * to list all spells.
Aiming: Flame Tongue (safe; 1% risk of failure)
Press: ? - help, Shift-Dir - straight line, f/p - wyvern zombie
Aim: a wyvern zombie (lightly damaged)
The flame tongue hits the wyvern zombie.
The wyvern zombie is moderately damaged.
The wyvern zombie bites you!
Ouch! That really hurt!
You die...

#.####### #.#
#.############
#............#
############.#
#.# #.# #.#
#@# .....oZ.#
.....#### ####


You could see an orc and a wyvern zombie.

Vanquished Creatures
  A scorpion (D:3)
  A howler monkey (D:4)
  A worker ant (D:4)
  6 adders
  An ooze (D:1)
  2 worms
  3 dart slugs
  2 leopard geckos
  An orc (D:3)
  4 giant cockroaches
  7 goblins
  7 hobgoblins
  4 jackals (D:1)
  8 kobolds
  9 bats
  2 frilled lizards
  11 rats
70 creatures vanquished.

Notes
Turn   | Place    | Note
-------+----------+-------------------------------------------
     0 | D:1      | grindst0ne the Deep Elf Fire Elementalist began the quest
                  | for the Orb.
     0 | D:1      | Reached XP level 1. HP: 10/10 MP: 6/6
    33 | D:1      | Found a shimmering altar of Xom.
   164 | D:1      | Reached XP level 2. HP: 13/15 MP: 2/8
   388 | D:1      | Learned a level 2 spell: Throw Flame
   658 | D:1      | Reached XP level 3. HP: 19/19 MP: 7/10
  1011 | D:2      | Found a faded altar of an unknown god.
  1119 | D:2      | Reached XP level 4. HP: 23/24 MP: 11/11
  1438 | D:3      | Reached XP level 5. HP: 28/28 MP: 13/13
  1763 | D:3      | Found a glowing silver altar of Zin.
  2239 | D:4      | Slain by a wyvern zombie

Vault maps used:
D:1:      lightli_iron_boxes, xom_teletrap_fun
D:2:      lemuel_upstairs_altar, chequers_ecumenical_altar_simple_redux
D:3:      zin_treasury
D:4:      kennysheep_kobold_camp, uniq_ijyb

Skill      XL: |  1  2  3  4  5 |
---------------+----------------+-----
Conjurations   | 2 3 4 |  4.6
Spellcasting   | 4 |  4.8
Fire Magic     | 4 |  4.5
Dodging        | |  2.4
Stealth        | |  2.4

Action                   |  1- 3 |  4- 6 || total
-------------------------+-------+-------++-------
Melee: Unarmed           |     1 |       ||     1
       Dagger            |     1 |     4 ||     5
 Cast: Flame Tongue      |    76 |    52 ||   128
       Throw Flame       |     3 |     5 ||     8
  Use: Potion            |       |     1 ||     1
 Stab: Sleeping          |       |     1 ||     1
  Eat: Chunk             |       |     4 ||     4
Armor: Robe              |     9 |     6 ||    15
Dodge: Dodged            |    18 |    16 ||    34

Table legend:
 A = Non-vault XP
 B = Vault XP
 C = Vault XP percentage of total XP
 D = Non-vault monster count
 E = Vault monster count
 F = Vault count percentage of total count
                 A         B        C        D         E       F
            +---------+---------+-------+---------+---------+-------
      Total |     352 |       0 |   0.0 |      70 |       0 |   0.0
            +---------+---------+-------+---------+---------+-------
        D:1 |      49 |       0 |   0.0 |      25 |       0 |   0.0
        D:2 |      54 |       0 |   0.0 |      19 |       0 |   0.0
        D:3 |     162 |       0 |   0.0 |      24 |       0 |   0.0
        D:4 |      87 |       0 |   0.0 |       2 |       0 |   0.0
            +---------+---------+-------+---------+---------+-------
